Flames vs Wild

Created - November 13, 2015 at 18:39

Goals
1 2 3 T
Flames 0 2 0 2
Wild 0 0 0 0
Shots
1 2 3 T
Flames 4 9 5 18
Wild 4 6 2 12

1st period

No Goal

Penalties :
Dennis Wideman (MIN) for Interference (Minor) at 17:53, Jay Beagle (CGY) for Diving (Minor) at 17:53

2nd period

1. Flames , Erik Johnson 4 (Mike Cammalleri, Justin Faulk) at 11:10 (PP)
2. Flames , Alex Tanguay 9 (Jack Johnson, Anze Kopitar) at 13:55 (PP)

Penalties :
Erik Johnson (CGY) for Goalie Interference (Minor) at 0:59, Stephane Robidas (CGY) for Boarding (Minor) at 6:03, Michael Stone (MIN) for High sticking (Minor) at 9:19, Rene Bourque (MIN) for Tripping (Minor) at 13:03, Scott Hartnell (MIN) for Hooking (Minor) at 15:56, Jay Beagle (CGY) for Hooking (Minor) at 15:56

3rd period

No Goal

Penalties :
Erik Johnson (CGY) for Delaying the game (Minor) at 10:04

Goalie Stats

Jonathan Quick (CGY), 12 saves from 12 shots - (1.000), W, 10-8-1, 60:00 minutes
Darcy Kuemper (MIN), 16 saves from 18 shots - (0.889), L, 0-3-0, 60:00 minutes

Players Stats for Flames

Player Name              G  A  P  +/- PIM S  H  SB GA TA FO     MP     PP MP  PK MP  
------------------------------------------------------------------------------------
Alex Tanguay             1  0  1   0  0   2  1  0  0  0  1/1    21:26   1:31   1:52 
Andrej Nestrasil         0  0  0   0  0   1  0  0  0  0  1/3    17:56   0:04   0:47 
Andrew MacDonald         0  0  0   0  0   0  0  0  0  0  0/0     1:10   0:00   0:00 
Andrew Miller            0  0  0   0  0   0  0  0  0  0  6/9    20:21   1:08   3:33 
Anze Kopitar             0  1  1   0  0   3  1  0  0  0  9/15   21:00   1:31   0:07 
Bobby Ryan               0  0  0   0  0   1  2  0  0  0  0/1    17:19   0:00   0:00 
Erik Johnson             1  0  1   0  4   2  4  0  0  0  0/0    22:56   1:12   0:57 
Jack Johnson             0  1  1   0  0   0  3  0  0  0  0/0    21:56   1:31   3:09 
Jared Spurgeon           0  0  0   0  0   0  0  1  0  0  0/0    21:22   1:31   3:09 
Jarret Stoll             0  0  0   0  0   1  2  0  0  0  9/16   14:24   1:12   0:00 
Jay Beagle               0  0  0   0  4   2  2  1  0  0  2/3    21:29   1:31   3:18 
Justin Faulk             0  1  1   0  0   1  2  1  0  0  0/0    23:15   1:12   2:48 
Ladislav Smid            0  0  0   0  0   0  0  0  0  0  0/0     2:10   0:00   0:00 
Matt Cullen              0  0  0   0  0   1  0  0  0  0  5/12   16:51   0:00   0:25 
Mike Cammalleri          0  1  1   0  0   4  1  0  0  0  0/0    17:00   1:12   1:52 
Patrick Dwyer            0  0  0   0  0   0  0  0  0  0  0/1     1:11   0:00   0:00 
Stephane Robidas         0  0  0   0  2   0  4  1  0  0  0/0    15:02   0:00   1:51 
Thomas Hickey            0  0  0   0  0   0  0  2  0  0  0/0    13:12   0:00   0:00 

Players Stats for Wild

Player Name              G  A  P  +/- PIM S  H  SB GA TA FO     MP     PP MP  PK MP  
------------------------------------------------------------------------------------
Alex Biega               0  0  0   0  0   0  0  1  0  0  0/0     7:13   0:00   1:26 
Barret Jackman           0  0  0   0  0   0  0  0  0  0  0/0    12:22   0:00   0:34 
Dennis Wideman           0  0  0   0  2   0  2  0  0  0  0/0    21:17   3:00   0:00 
Dustin Brown             0  0  0   0  0   0  1  0  0  0  1/1    21:20   3:09   0:00 
Erik Cole                0  0  0   0  0   5  1  0  0  0  1/2    19:45   2:18   0:00 
Fedor Tyutin             0  0  0   0  0   1  2  1  0  0  0/0    19:22   2:57   1:17 
Jack Hillen              0  0  0   0  0   0  0  0  0  0  0/0     0:19   0:00   0:00 
Jason Spezza             0  0  0   0  0   1  0  0  0  0  9/20   20:32   2:48   0:00 
Mark Streit              0  0  0   0  0   0  0  1  0  0  0/0    22:35   3:00   0:00 
Michael Ryder            0  0  0   0  0   1  0  1  0  0  0/0    15:31   0:51   0:26 
Michael Stone            0  0  0   0  2   1  4  4  0  0  0/0    13:41   0:00   0:22 
Peter Holland            0  0  0   0  0   0  1  0  0  0  10/18  22:24   3:09   0:22 
R.J. Umberger            0  0  0   0  0   2  2  0  0  0  6/17   19:19   2:48   2:17 
Rene Bourque             0  0  0   0  2   0  1  1  0  0  0/0    15:09   0:00   1:25 
Scott Hannan             0  0  0   0  0   0  0  1  0  0  0/0    13:05   0:00   1:17 
Scott Hartnell           0  0  0   0  2   1  3  0  0  0  1/2    17:50   0:00   0:30 
Trevor Smith             0  0  0   0  0   0  2  0  0  0  0/1    21:27   2:48   0:26 
Zach Redmond             0  0  0   0  0   0  0  1  0  0  0/0    10:04   2:57   0:30 

3 Stars

1 - Jonathan Quick (CGY)
2 - Alex Tanguay (CGY)
3 - Jack Johnson (CGY)

Power Play

Flames - 2 on 2 Attempt(s) - 100.00%
Wild - 0 on 3 Attempt(s) - 0.00%

Penalty Kill

Flames - 3 on 3 Attempt(s) - 100.00% - Score 0 goal in Penalty Kill
Wild - 0 on 2 Attempt(s) - 0.00% - Score 0 goal in Penalty Kill

Team Stat

Flames - Hits : 22 - Faceoff Wins : 33 - Blocked Shots : 6 - Penalty Minutes : 10
Wild - Hits : 19 - Faceoff Wins : 28 - Blocked Shots : 11 - Penalty Minutes : 8

Official

Referees : Jon Mclsaac and Dave Jackson
Linesman : Jean Morin and Brian Mach

Game Notes

No Game Note

Finance

Level 1 -- Attendance: 5755 (88.54%) -- Ticket Income $575,500
Level 2 -- Attendance: 4558 (91.16%) -- Ticket Income $273,480
Level 3 -- Attendance: 3500 (100.00%) -- Ticket Income $122,500
Level 4 -- Attendance: 1954 (100.00%) -- Ticket Income $39,080
Luxury Box -- Attendance: 918 (91.80%) -- Ticket Income $183,600
Game was played at the Xcel Energy Center.
Total Attendance: 16685 (92.93%)
Total Ticket Income: $1,194,160
Other Income: $179,124
Total Income: $1,373,284

% Time on Ice - Flames

Lines # - Real PCT - Wanted PCT - Time Play
Normal Forward
1 - 37% - 40% - 17:19
2 - 28% - 30% - 13:12
3 - 33% - 20% - 15:40
4 - 2% - 10% - 1:11
Normal Defense
1 - 35% - 40% - 16:39
2 - 33% - 30% - 15:24
3 - 28% - 20% - 13:12
4 - 4% - 10% - 2:07
PP Forward
1 - 56% - 60% - 1:31
2 - 44% - 40% - 1:12
PP Defense
1 - 44% - 60% - 1:12
2 - 56% - 40% - 1:31
PK Forward
1 - 69% - 60% - 4:05
2 - 31% - 40% - 1:52
PK Defense
1 - 47% - 60% - 2:48
2 - 53% - 40% - 3:09
PK3 Forward
1 - 0% - 60%
2 - 0% - 40%
PK3 Defense
1 - 0% - 60%
2 - 0% - 40%
44 Forward
1 - 82% - 60% - 3:14
2 - 18% - 40% - 0:44
44 Defense
1 - 52% - 60% - 2:03
2 - 48% - 40% - 1:55
Last Minute Offensive  - 0:00
Last Minute Defensive  - 0:00
Total
Forward - 60:00
Defense - 60:00

% Time on Ice - Wild

Lines # - Real PCT - Wanted PCT - Time Play
Normal Forward
1 - 37% - 35% - 17:21
2 - 33% - 35% - 15:47
3 - 29% - 20% - 13:45
4 - 1% - 10% - 0:29
Normal Defense
1 - 37% - 40% - 17:18
2 - 28% - 30% - 13:20
3 - 25% - 20% - 11:48
4 - 10% - 10% - 4:56
PP Forward
1 - 47% - 60% - 2:48
2 - 53% - 40% - 3:09
PP Defense
1 - 50% - 60% - 3:00
2 - 50% - 40% - 2:57
PK Forward
1 - 84% - 60% - 2:17
2 - 16% - 40% - 0:26
PK Defense
1 - 53% - 60% - 1:26
2 - 47% - 40% - 1:17
PK3 Forward
1 - 0% - 60%
2 - 0% - 40%
PK3 Defense
1 - 0% - 60%
2 - 0% - 40%
44 Forward
1 - 82% - 60% - 3:16
2 - 18% - 40% - 0:42
44 Defense
1 - 75% - 60% - 2:59
2 - 25% - 40% - 0:59
Last Minute Offensive  - 0:00
Last Minute Defensive  - 0:00
Total
Forward - 60:00
Defense - 60:00

Play by Play

1st period


0:01 of 1st period - Peter Holland wins face-off versus Anze Kopitar in neutral zone.
0:01 of 1st period - Peter Holland is hit by Bobby Ryan.
0:19 of 1st period - Shot by Anze Kopitar.
0:19 of 1st period - Shot Misses the Net.
0:55 of 1st period - Fedor Tyutin is hit by Anze Kopitar and loses puck.
1:59 of 1st period - Icing by Andrej Nestrasil.
2:00 of 1st period - R.J. Umberger wins face-off versus Matt Cullen in Flames zone.
2:37 of 1st period - Shot by Rene Bourque.
2:37 of 1st period - Shot Misses the Net.
2:40 of 1st period - Michael Ryder is hit by Stephane Robidas and loses puck.
2:50 of 1st period - Icing by Thomas Hickey.
2:51 of 1st period - Dustin Brown wins face-off versus Matt Cullen in Flames zone.
3:02 of 1st period - Shot by Scott Hartnell.
3:02 of 1st period - Shot Misses the Net.
4:06 of 1st period - Shot by Erik Cole.
4:06 of 1st period - Stopped by Jonathan Quick with a rebound.
4:08 of 1st period - Shot by Erik Cole.
4:08 of 1st period - Stopped by Jonathan Quick with a rebound.
4:17 of 1st period - Erik Cole is hit by Stephane Robidas and loses puck.
5:05 of 1st period - Shot by Anze Kopitar.
5:05 of 1st period - Shot Blocked by Michael Ryder.
5:07 of 1st period - Shot by Erik Johnson.
5:07 of 1st period - Shot Blocked by Michael Stone.
5:09 of 1st period - Shot by Erik Johnson.
5:09 of 1st period - Shot Misses the Net.
5:11 of 1st period - Shot by Justin Faulk.
5:11 of 1st period - Shot Misses the Net.
5:17 of 1st period - Shot by Bobby Ryan.
5:17 of 1st period - Deflect By Alex Tanguay.
5:17 of 1st period - Stopped by Darcy Kuemper without a rebound.
5:18 of 1st period - Peter Holland wins face-off versus Jarret Stoll in Wild zone.
5:18 of 1st period - Peter Holland is hit by Mike Cammalleri.
5:48 of 1st period - Scott Hartnell is hit by Jack Johnson.
6:42 of 1st period - Jason Spezza is hit by Jack Johnson and loses puck.
7:07 of 1st period - Shot by Michael Ryder.
7:07 of 1st period - Stopped by Jonathan Quick without a rebound.
7:08 of 1st period - Anze Kopitar wins face-off versus R.J. Umberger in Flames zone.
7:13 of 1st period - Erik Johnson is hit by R.J. Umberger and loses puck.
7:44 of 1st period - Shot by Zach Redmond.
7:44 of 1st period - Shot Misses the Net.
8:25 of 1st period - Shot by Andrew MacDonald.
8:25 of 1st period - Shot Misses the Net.
8:27 of 1st period - Shot by Erik Johnson.
8:27 of 1st period - Shot Misses the Net.
8:34 of 1st period - Icing by Mark Streit.
8:35 of 1st period - Peter Holland wins face-off versus Anze Kopitar in Wild zone.
8:58 of 1st period - Shot by Bobby Ryan.
8:58 of 1st period - Shot Misses the Net.
9:11 of 1st period - Icing by Michael Stone.
9:12 of 1st period - Matt Cullen wins face-off versus Jason Spezza in Wild zone.
9:21 of 1st period - Shot by Andrej Nestrasil.
9:21 of 1st period - Stopped by Darcy Kuemper without a rebound.
9:22 of 1st period - Jarret Stoll wins face-off versus R.J. Umberger in Wild zone.
9:52 of 1st period - Thomas Hickey is hit by Rene Bourque and loses puck.
10:16 of 1st period - Stephane Robidas is hit by Erik Cole and loses puck.
10:31 of 1st period - Shot by Jason Spezza.
10:31 of 1st period - Shot Misses the Net.
10:34 of 1st period - Icing by Erik Johnson.
10:35 of 1st period - Scott Hartnell wins face-off versus Matt Cullen in Flames zone.
10:49 of 1st period - Fedor Tyutin is hit by Jay Beagle and loses puck.
10:54 of 1st period - Shot by Jay Beagle.
10:54 of 1st period - Stopped by Darcy Kuemper with a rebound.
10:58 of 1st period - Shot by Erik Johnson.
10:58 of 1st period - Shot Misses the Net.
11:00 of 1st period - Shot by Erik Johnson.
11:00 of 1st period - Shot Misses the Net.
11:10 of 1st period - Shot by Andrej Nestrasil.
11:10 of 1st period - Shot Blocked by Fedor Tyutin.
11:30 of 1st period - Fedor Tyutin is hit by Alex Tanguay and loses puck.
11:46 of 1st period - Shot by Anze Kopitar.
11:46 of 1st period - Shot Blocked by Michael Stone.
11:48 of 1st period - Shot by Anze Kopitar.
11:48 of 1st period - Deflect By Bobby Ryan.
11:48 of 1st period - Stopped by Darcy Kuemper without a rebound.
11:49 of 1st period - R.J. Umberger wins face-off versus Patrick Dwyer in Wild zone.
12:17 of 1st period - Off-side.
12:18 of 1st period - R.J. Umberger wins face-off versus Jarret Stoll in neutral zone.
12:55 of 1st period - Shot by Mike Cammalleri.
12:55 of 1st period - Deflect By Andrew Miller.
12:55 of 1st period - Shot Misses the Net.
13:44 of 1st period - Icing by Justin Faulk.
13:45 of 1st period - Anze Kopitar wins face-off versus Peter Holland in Flames zone.
13:45 of 1st period - Anze Kopitar is hit by Scott Hartnell.
14:14 of 1st period - Icing by Michael Stone.
14:15 of 1st period - Matt Cullen wins face-off versus Peter Holland in Wild zone.
14:43 of 1st period - Jack Johnson is hit by Peter Holland and loses puck.
14:49 of 1st period - Matt Cullen is hit by Michael Stone and loses puck.
15:37 of 1st period - Icing by Dennis Wideman.
15:38 of 1st period - Anze Kopitar wins face-off versus Trevor Smith in Wild zone.
16:48 of 1st period - Icing by Mike Cammalleri.
16:49 of 1st period - Peter Holland wins face-off versus Jarret Stoll in Flames zone.
16:49 of 1st period - Dustin Brown is hit by Erik Johnson and loses puck.
17:34 of 1st period - Jack Johnson is hit by Dustin Brown.
17:53 of 1st period - Minor Penalty to Dennis Wideman for Interference.
17:53 of 1st period - Minor Penalty to Jay Beagle for Diving.
17:54 of 1st period - Jason Spezza wins face-off versus Andrej Nestrasil in Wild zone.
18:03 of 1st period - Shot by Jason Spezza.
18:03 of 1st period - Shot Misses the Net.
18:05 of 1st period - Shot by Mark Streit.
18:05 of 1st period - Shot Blocked by Jared Spurgeon.
18:07 of 1st period - Shot by Jason Spezza.
18:07 of 1st period - Stopped by Jonathan Quick without a rebound.
18:08 of 1st period - Anze Kopitar wins face-off versus Jason Spezza in Flames zone.
18:44 of 1st period - Jason Spezza is hit by Justin Faulk and loses puck.
19:27 of 1st period - Shot by Peter Holland.
19:27 of 1st period - Shot Misses the Net.
19:29 of 1st period - Shot by Erik Cole.
19:29 of 1st period - Shot Misses the Net.
19:43 of 1st period - Icing by Trevor Smith.
19:44 of 1st period - Jason Spezza wins face-off versus Andrej Nestrasil in Wild zone.
Goals for this period are 0 for Flames vs 0 for Wild.
Shots for this period are 4 for Flames vs 4 for Wild.

2nd period


0:01 of 2nd period - Anze Kopitar wins face-off versus Jason Spezza in neutral zone.
0:13 of 2nd period - Dennis Wideman is hit by Erik Johnson and loses puck.
0:59 of 2nd period - Minor Penalty to Erik Johnson for Goalie Interference.
1:00 of 2nd period - Peter Holland wins face-off versus Andrew Miller in Flames zone.
1:01 of 2nd period - Shot by Fedor Tyutin.
1:01 of 2nd period - Stopped by Jonathan Quick without a rebound.
1:02 of 2nd period - Andrew Miller wins face-off versus Peter Holland in Flames zone.
1:56 of 2nd period - Icing by Jason Spezza.
1:57 of 2nd period - Andrew Miller wins face-off versus Jason Spezza in Wild zone.
2:44 of 2nd period - Shot by Peter Holland.
2:44 of 2nd period - Shot Misses the Net.
3:16 of 2nd period - Shot by Jay Beagle.
3:16 of 2nd period - Shot Misses the Net.
3:45 of 2nd period - Icing by Michael Ryder.
3:46 of 2nd period - Jarret Stoll wins face-off versus R.J. Umberger in Wild zone.
3:55 of 2nd period - Shot by Mike Cammalleri.
3:55 of 2nd period - Shot Misses the Net.
3:58 of 2nd period - Icing by Barret Jackman.
3:59 of 2nd period - Alex Tanguay wins face-off versus R.J. Umberger in Wild zone.
4:27 of 2nd period - Scott Hartnell is hit by Jack Johnson and loses puck.
4:40 of 2nd period - Shot by Scott Hartnell.
4:40 of 2nd period - Stopped by Jonathan Quick without a rebound.
4:41 of 2nd period - Jason Spezza wins face-off versus Jarret Stoll in Flames zone.
4:47 of 2nd period - Justin Faulk is hit by Trevor Smith and loses puck.
5:39 of 2nd period - Michael Stone is hit by Stephane Robidas and loses puck.
5:59 of 2nd period - Matt Cullen is hit by Scott Hartnell and loses puck.
6:03 of 2nd period - Minor Penalty to Stephane Robidas for Boarding.
6:04 of 2nd period - Andrew Miller wins face-off versus Peter Holland in Flames zone.
6:16 of 2nd period - Icing by Dennis Wideman.
6:17 of 2nd period - Andrew Miller wins face-off versus Peter Holland in Wild zone.
7:43 of 2nd period - Icing by Mark Streit.
7:44 of 2nd period - Andrej Nestrasil wins face-off versus Erik Cole in Wild zone.
8:13 of 2nd period - Shot by Rene Bourque.
8:13 of 2nd period - Shot Misses the Net.
8:15 of 2nd period - Shot by Scott Hannan.
8:15 of 2nd period - Shot Misses the Net.
8:19 of 2nd period - Shot by R.J. Umberger.
8:19 of 2nd period - Stopped by Jonathan Quick with a rebound.
8:21 of 2nd period - Shot by Barret Jackman.
8:21 of 2nd period - Shot Blocked by Stephane Robidas.
8:30 of 2nd period - Shot by R.J. Umberger.
8:30 of 2nd period - Stopped by Jonathan Quick without a rebound.
8:31 of 2nd period - Jarret Stoll wins face-off versus Jason Spezza in Flames zone.
9:17 of 2nd period - Erik Johnson is hit by Michael Stone and loses puck.
9:19 of 2nd period - Minor Penalty to Michael Stone for High sticking.
9:20 of 2nd period - Jay Beagle wins face-off versus R.J. Umberger in Wild zone.
10:01 of 2nd period - Jay Beagle is hit by R.J. Umberger and loses puck.
10:30 of 2nd period - Shot by Mike Cammalleri.
10:30 of 2nd period - Stopped by Darcy Kuemper with a rebound.
10:32 of 2nd period - Shot by Mike Cammalleri.
10:32 of 2nd period - Shot Blocked by Scott Hannan.
10:34 of 2nd period - Shot by Mike Cammalleri.
10:34 of 2nd period - Stopped by Darcy Kuemper without a rebound.
10:35 of 2nd period - Jarret Stoll wins face-off versus R.J. Umberger in Wild zone.
10:38 of 2nd period - Shot by Justin Faulk.
10:38 of 2nd period - Stopped by Darcy Kuemper without a rebound.
10:39 of 2nd period - R.J. Umberger wins face-off versus Jarret Stoll in Wild zone.
10:52 of 2nd period - Shot by Justin Faulk.
10:52 of 2nd period - Shot Misses the Net.
10:54 of 2nd period - Shot by Erik Johnson.
10:54 of 2nd period - Shot Misses the Net.
10:56 of 2nd period - Shot by Justin Faulk.
10:56 of 2nd period - Shot Blocked by Alex Biega.
11:10 of 2nd period - Shot by Erik Johnson.
11:10 of 2nd period - Goal by Erik Johnson - Flames : 1 - Wild : 0.
11:11 of 2nd period - Peter Holland wins face-off versus Anze Kopitar in neutral zone.
12:12 of 2nd period - Andrej Nestrasil is hit by Dennis Wideman and loses puck.
12:15 of 2nd period - Shot by Matt Cullen.
12:15 of 2nd period - Stopped by Darcy Kuemper with a rebound.
12:17 of 2nd period - Shot by Jay Beagle.
12:17 of 2nd period - Stopped by Darcy Kuemper without a rebound.
12:18 of 2nd period - Jarret Stoll wins face-off versus Jason Spezza in Wild zone.
12:29 of 2nd period - Shot by Erik Cole.
12:29 of 2nd period - Stopped by Jonathan Quick without a rebound.
12:30 of 2nd period - Matt Cullen wins face-off versus R.J. Umberger in Flames zone.
13:03 of 2nd period - Minor Penalty to Rene Bourque for Tripping.
13:04 of 2nd period - Jarret Stoll wins face-off versus R.J. Umberger in Wild zone.
13:25 of 2nd period - Shot by Mike Cammalleri.
13:25 of 2nd period - Stopped by Darcy Kuemper without a rebound.
13:26 of 2nd period - Jay Beagle wins face-off versus Scott Hartnell in Wild zone.
13:55 of 2nd period - Shot by Alex Tanguay.
13:55 of 2nd period - Goal by Alex Tanguay - Flames : 2 - Wild : 0.
13:56 of 2nd period - Jason Spezza wins face-off versus Andrew Miller in neutral zone.
14:01 of 2nd period - Shot by Erik Cole.
14:01 of 2nd period - Stopped by Jonathan Quick with a rebound.
14:23 of 2nd period - Shot by Mike Cammalleri.
14:23 of 2nd period - Shot Misses the Net.
14:48 of 2nd period - Icing by Dennis Wideman.
14:49 of 2nd period - Anze Kopitar wins face-off versus Jason Spezza in Wild zone.
15:46 of 2nd period - Andrej Nestrasil is hit by Fedor Tyutin and loses puck.
15:56 of 2nd period - Minor Penalty to Scott Hartnell for Hooking.
15:56 of 2nd period - Minor Penalty to Jay Beagle for Hooking.
15:57 of 2nd period - Andrew Miller wins face-off versus Peter Holland in neutral zone.
16:10 of 2nd period - Shot by Peter Holland.
16:10 of 2nd period - Shot Misses the Net.
16:18 of 2nd period - Shot by Andrej Nestrasil.
16:18 of 2nd period - Shot Misses the Net.
16:20 of 2nd period - Shot by Andrej Nestrasil.
16:20 of 2nd period - Shot Misses the Net.
16:22 of 2nd period - Shot by Justin Faulk.
16:22 of 2nd period - Shot Blocked by Zach Redmond.
16:24 of 2nd period - Shot by Erik Johnson.
16:24 of 2nd period - Shot Misses the Net.
17:35 of 2nd period - Off-side.
17:36 of 2nd period - Erik Cole wins face-off versus Anze Kopitar in neutral zone.
17:49 of 2nd period - Shot by Erik Cole.
17:49 of 2nd period - Shot Misses the Net.
18:19 of 2nd period - Icing by Scott Hannan.
18:20 of 2nd period - Matt Cullen wins face-off versus R.J. Umberger in Wild zone.
19:29 of 2nd period - Shot by Anze Kopitar.
19:29 of 2nd period - Stopped by Darcy Kuemper without a rebound.
19:30 of 2nd period - Jason Spezza wins face-off versus Jarret Stoll in Wild zone.
Goals for this period are 2 for Flames vs 0 for Wild.
Shots for this period are 9 for Flames vs 6 for Wild.

3rd period


0:01 of 3rd period - Anze Kopitar wins face-off versus Jason Spezza in neutral zone.
0:01 of 3rd period - Anze Kopitar is hit by Trevor Smith.
0:08 of 3rd period - Icing by Mark Streit.
0:09 of 3rd period - Anze Kopitar wins face-off versus Jason Spezza in Wild zone.
0:09 of 3rd period - Bobby Ryan is hit by Dennis Wideman and loses puck.
0:31 of 3rd period - Jason Spezza is hit by Erik Johnson and loses puck.
0:50 of 3rd period - Shot by Erik Cole.
0:50 of 3rd period - Shot Misses the Net.
0:52 of 3rd period - Shot by Dennis Wideman.
0:52 of 3rd period - Shot Blocked by Justin Faulk.
1:04 of 3rd period - Shot by Scott Hartnell.
1:04 of 3rd period - Shot Misses the Net.
1:32 of 3rd period - Shot by Scott Hartnell.
1:32 of 3rd period - Shot Misses the Net.
2:27 of 3rd period - Shot by Andrew Miller.
2:27 of 3rd period - Shot Hit the Post.
2:29 of 3rd period - Shot by Jarret Stoll.
2:29 of 3rd period - Shot Misses the Net.
2:33 of 3rd period - Shot by Jarret Stoll.
2:33 of 3rd period - Stopped by Darcy Kuemper without a rebound.
2:34 of 3rd period - Jason Spezza wins face-off versus Matt Cullen in Wild zone.
2:40 of 3rd period - Mark Streit is hit by Jay Beagle.
2:47 of 3rd period - Jason Spezza is hit by Stephane Robidas and loses puck.
2:50 of 3rd period - Shot by Trevor Smith.
2:50 of 3rd period - Shot Misses the Net.
2:56 of 3rd period - Shot by Erik Cole.
2:56 of 3rd period - Shot Misses the Net.
2:58 of 3rd period - Shot by Mark Streit.
2:58 of 3rd period - Shot Misses the Net.
3:37 of 3rd period - Icing by Michael Stone.
3:38 of 3rd period - Jarret Stoll wins face-off versus Peter Holland in Wild zone.
3:46 of 3rd period - Icing by Fedor Tyutin.
3:47 of 3rd period - Peter Holland wins face-off versus Jarret Stoll in Wild zone.
4:23 of 3rd period - Peter Holland is hit by Jarret Stoll and loses puck.
5:07 of 3rd period - Shot by Anze Kopitar.
5:07 of 3rd period - Stopped by Darcy Kuemper without a rebound.
5:08 of 3rd period - Matt Cullen wins face-off versus Jason Spezza in Wild zone.
7:24 of 3rd period - Shot by Mike Cammalleri.
7:24 of 3rd period - Stopped by Darcy Kuemper without a rebound.
7:25 of 3rd period - Jason Spezza wins face-off versus Matt Cullen in Wild zone.
7:52 of 3rd period - Shot by Jason Spezza.
7:52 of 3rd period - Shot Misses the Net.
8:24 of 3rd period - Shot by Scott Hartnell.
8:24 of 3rd period - Deflect By Peter Holland.
8:24 of 3rd period - Shot Blocked by Jay Beagle.
8:26 of 3rd period - Shot by Dustin Brown.
8:26 of 3rd period - Shot Blocked by Thomas Hickey.
8:28 of 3rd period - Shot by Dustin Brown.
8:28 of 3rd period - Shot Blocked by Thomas Hickey.
8:53 of 3rd period - Icing by Barret Jackman.
8:54 of 3rd period - Anze Kopitar wins face-off versus R.J. Umberger in Wild zone.
8:57 of 3rd period - Shot by Alex Tanguay.
8:57 of 3rd period - Shot Blocked by Rene Bourque.
8:59 of 3rd period - Shot by Erik Johnson.
8:59 of 3rd period - Stopped by Darcy Kuemper without a rebound.
9:00 of 3rd period - R.J. Umberger wins face-off versus Bobby Ryan in Wild zone.
9:00 of 3rd period - R.J. Umberger is hit by Bobby Ryan.
9:15 of 3rd period - Erik Johnson is hit by Fedor Tyutin and loses puck.
9:22 of 3rd period - Shot by Alex Tanguay.
9:22 of 3rd period - Shot Blocked by Michael Stone.
9:24 of 3rd period - Shot by Anze Kopitar.
9:24 of 3rd period - Shot Blocked by Michael Stone.
9:29 of 3rd period - Anze Kopitar is hit by Michael Stone and loses puck.
9:41 of 3rd period - Michael Ryder is hit by Justin Faulk and loses puck.
9:49 of 3rd period - Icing by Erik Johnson.
9:50 of 3rd period - Jason Spezza wins face-off versus Anze Kopitar in Flames zone.
9:50 of 3rd period - Mark Streit is hit by Erik Johnson and loses puck.
10:04 of 3rd period - Minor Penalty to Erik Johnson for Delaying the game.
10:05 of 3rd period - Peter Holland wins face-off versus Jay Beagle in Flames zone.
10:18 of 3rd period - Shot by Peter Holland.
10:18 of 3rd period - Shot Misses the Net.
10:20 of 3rd period - Shot by Dennis Wideman.
10:20 of 3rd period - Shot Misses the Net.
11:01 of 3rd period - Off-side.
11:02 of 3rd period - Andrew Miller wins face-off versus Jason Spezza in neutral zone.
11:08 of 3rd period - Icing by Jason Spezza.
11:09 of 3rd period - Jason Spezza wins face-off versus Andrew Miller in Wild zone.
12:35 of 3rd period - Shot by Anze Kopitar.
12:35 of 3rd period - Stopped by Darcy Kuemper with a rebound.
12:37 of 3rd period - Shot by Anze Kopitar.
12:37 of 3rd period - Shot Misses the Net.
12:41 of 3rd period - Shot by Bobby Ryan.
12:41 of 3rd period - Shot Misses the Net.
12:43 of 3rd period - Shot by Alex Tanguay.
12:43 of 3rd period - Deflect By Bobby Ryan.
12:43 of 3rd period - Shot Blocked by Mark Streit.
13:23 of 3rd period - Icing by Scott Hannan.
13:24 of 3rd period - Jarret Stoll wins face-off versus R.J. Umberger in Wild zone.
13:35 of 3rd period - Shot by R.J. Umberger.
13:35 of 3rd period - Shot Misses the Net.
15:29 of 3rd period - Jay Beagle is hit by Michael Stone and loses puck.
15:46 of 3rd period - Shot by Erik Cole.
15:46 of 3rd period - Stopped by Jonathan Quick without a rebound.
15:47 of 3rd period - Jarret Stoll wins face-off versus Peter Holland in Flames zone.
15:54 of 3rd period - Scott Hartnell is hit by Jarret Stoll.
16:06 of 3rd period - Jack Johnson is hit by Scott Hartnell and loses puck.
17:30 of 3rd period - Icing by Erik Johnson.
17:31 of 3rd period - Peter Holland wins face-off versus Anze Kopitar in Flames zone.
17:36 of 3rd period - Shot by Michael Stone.
17:36 of 3rd period - Stopped by Jonathan Quick without a rebound.
17:37 of 3rd period - R.J. Umberger wins face-off versus Matt Cullen in Flames zone.
18:49 of 3rd period - Shot by Jason Spezza.
18:49 of 3rd period - Shot Misses the Net.
18:58 of 3rd period - Icing by Jared Spurgeon.
18:59 of 3rd period - Peter Holland wins face-off versus Matt Cullen in Flames zone.
19:27 of 3rd period - Shot by Scott Hartnell.
19:27 of 3rd period - Shot Misses the Net.
Goals for this period are 0 for Flames vs 0 for Wild.
Shots for this period are 5 for Flames vs 2 for Wild.